 Dungeon Crawl Stone Soup version 0.30-a0-1066-g63dfefce0d (webtiles) character file.

Game seed: 16412452593904815618

368 Esekla the Covert (level 6, -4/43 HPs)
             Began as an Octopode Delver on Apr 12, 2023.
             Was an Initiate of Gozag.
             Slain by Grinder (8 damage)
             ... while paralysed by Grinder
             ... on level 3 of the Dungeon.
             The game lasted 00:17:37 (3288 turns).

Esekla the Covert (Octopode Delver)                 Turns: 3288, Time: 00:17:38

Health: -4/43      AC:  1    Str: 12    XL:     6   Next: 69%
Magic:  8/8        EV:  2    Int: 14    God:    Gozag
Gold:   704        SH:  0    Dex: 13    Spells: 6/8 levels left

rFire   . . .      SeeInvis .    w - +0 dagger (holy)
rCold   . . .      Faith    .    (no shield)
rNeg    . . .      Spirit   .    (helmet restricted)
rPois   .          Reflect  +    u - amulet of reflection
rElec   .          Rampage  .    (no ring)
rCorr   .                        (no ring)
Will    .....                    (no ring)
Stlth   +++++                    (no ring)
HPRegen 0.27/turn                (no ring)
MPRegen 0.11/turn                (no ring)
                                 (no ring)
                                 (no ring)

@: paralysed
A: almost no armour, amphibious, 8 rings, camouflage 1, gelatinous body 1,
(nimble swimmer 1), tentacles
a: Renounce Religion, Potion Petition, Call Merchant, Bribe Branch


You were on level 3 of the Dungeon.
You worshipped Gozag.
Gozag was pleased with you.
You visited 2 branches of the dungeon, and saw 6 of its levels.

You collected 720 gold pieces.
You paid 16 gold pieces to Gozag.

Inventory:

Hand Weapons
 a - a +0 long sword
 r - a +0 spear
 s - a +1 vampiric dagger
 w - a +0 dagger of holy wrath (weapon)
Missiles
 g - 14 poisoned darts (quivered)
Jewellery
 m - a ring of ice
 u - an amulet of reflection (around mantle)
Wands
 f - a wand of digging (3)
 i - a wand of flame (17)
Scrolls
 b - 2 scrolls of fog
 c - 2 scrolls of teleportation {unknown}
 d - 2 scrolls of enchant weapon {unknown}
 h - 2 scrolls of noise {unknown}
 l - 6 scrolls of identify {unknown}
 p - a scroll of amnesia {unknown}
 q - a scroll of magic mapping
 t - 2 scrolls of blinking
Potions
 e - a potion of heal wounds {unknown}
 j - a potion of curing {unknown}
 k - 2 potions of lignification {unknown}
 n - a potion of degeneration {unknown}
 o - a potion of mutation {unknown}


   Skills:
 * Level 4.0 Fighting
 + Level 1.1(2.2) Short Blades
 * Level 3.0(3.1) Long Blades
 + Level 0.1 Throwing
 * Level 3.0 Dodging
 + Level 8.6 Stealth
 * Level 1.8 Spellcasting
 * Level 1.2 Fire Magic


You had 6 spell levels left.
You knew the following spells:

 Your Spells              Type           Power      Damage    Failure   Level
o - Scorch                Fire           8%         2d5       22%         2

Your spell library contained the following spells:

 Spells                   Type           Power      Damage    Failure   Level
 Ensorcelled Hibernation  Hex/Ice        2%         N/A       36%         2
 Passwall                 Tmut/Erth      0%         N/A       36%         2
 Swiftness                Air            1%         N/A       58%         3
 Flame Wave               Conj/Fire      2%         2d4       88%         4
 Summon Cactus Giant      Summ           0%         N/A       100%        6


Dungeon Overview and Level Annotations

Branches:
Dungeon (5/15)             Temple (1/1) D:5

Altars:
Cheibriados
Fedhas
Gozag
Hepliaklqana
Kikubaaqudgha
Makhleb
Okawaru
Qazlal
Ru
Sif Muna
Yredelemnul
The Shining One

Annotations:
D:3 2 transporters, Grinder
D:5 Ijyb


Innate Abilities, Weirdness & Mutations

You cannot wear most types of armour.
You are amphibious.
You can wear up to eight rings at the same time.
Your skin changes colour to match your surroundings (Stealth+).
Your rubbery body absorbs attacks. (AC +1, EV +1)
((You are camouflaged when in or above water. (Stealth+)))
You have tentacles for arms and can constrict up to eight enemies at once.


Message History

The hobgoblin hits you.
You barely miss the hobgoblin. Your grab misses the hobgoblin.
The hobgoblin is almost dead.
The hobgoblin hits you but does no damage.
You hit the hobgoblin but do no damage. Your grab misses the hobgoblin.
You squeeze the hobgoblin.
You kill the hobgoblin!
Grinder says, "DUCK!"
You closely miss Grinder. You grab Grinder. You squeeze Grinder.
Grinder is lightly wounded.
You constrict Grinder, but do no damage.
Grinder misses you.
You hit Grinder.
Grinder convulses.
You squeeze Grinder.
Grinder is moderately wounded.
You constrict Grinder. You barely miss Grinder.
Grinder is moderately wounded.
You constrict Grinder.
Grinder says, "I used to sell toenails on the black market."
Grinder hits you.
You writhe in agony.
You hit Grinder but do no damage.
Grinder is heavily wounded.
You constrict Grinder, but do no damage.
Grinder hits you but does no damage.
You hit Grinder but do no damage.
Grinder is heavily wounded.
You constrict Grinder. Grinder hits you.
You completely miss Grinder.
Grinder is heavily wounded.
You constrict Grinder. Grinder gestures at you.
You suddenly lose the ability to move!
You lose your grip on Grinder.
Grinder hits you.
You writhe in agony.
Grinder says, "Don't move a muscle."
Grinder gestures at you. Pain shoots through your body!
* * * LOW HITPOINT WARNING * * *
Grinder hits you!
You die...
Your body crumbles into a pile of gold.

######[# #.).##.._..##.#..#
.......######.#..#.####.#..######
.......)......+....# #.#.......#
.......######.#....# #.##.####.#
###....# #.#....# #.##.# #.#
#_##...# #.#....# #.##.# #.#
...##..# #.#....# #....# #.#
....#..# #.##5### ###### #..
....#### #.##@# ### ....# #.##.#
...## #.##.# ....#
#.##.############### ....#
#.##...............# ....#
#.###############.## ...## #.#
#.(......<#.# #.##### #.#
###.#########.# #.....# #.#
#.....# #.#


You could see Grinder.

Vanquished Creatures
  A phantom (D:4)
  A scorpion (D:4)
  Jessica (D:3)
  2 iguanas
  An orc wizard (D:5)
  8 adders
  2 dart slugs (D:1)
  4 orcs (D:5)
  A ball python (D:3)
  3 endoplasms
  4 giant cockroaches
  8 goblins
  7 hobgoblins
  8 kobolds
  A quokka (D:1)
  3 bats
  4 frilled lizards (D:1)
  8 rats
67 creatures vanquished.

Notes
Turn   | Place    | Note
-------+----------+-------------------------------------------
     0 | D:5      | Esekla the Octopode Delver began the quest for the Orb.
     0 | D:5      | Reached XP level 1. HP: 16/16 MP: 1/1
    42 | D:5      | Noticed an orc wizard
    43 | D:5      | Noticed an iguana
    52 | D:5      | Killed an orc wizard
    53 | D:5      | Reached skill level 7 in Stealth
    53 | D:5      | Reached XP level 2. HP: 11/21 MP: 2/2
    57 | D:5      | Reached XP level 3. HP: 13/26 MP: 3/3
   158 | D:5      | Noticed Ijyb
   192 | D:5      | Found a staircase to the Ecumenical Temple.
   199 | Temple   | Entered the Ecumenical Temple
   248 | Temple   | Became a worshipper of Gozag Ym Sagoz the Greedy
   413 | D:4      | Found a burning altar of Makhleb.
   477 | D:4      | Found a snail-covered altar of Cheibriados.
   481 | D:3      | Noticed Jessica
   492 | D:3      | Noticed Grinder
   506 | D:3      | Reached XP level 4. HP: 26/31 MP: 5/5
   508 | D:3      | Killed Jessica
   509 | D:3      | Reached skill level 1 in Spellcasting
   520 | D:3      | Found a transporter.
   540 | D:3      | Learned a level 2 spell: Scorch
   605 | D:3      | Found a stormy altar of Qazlal.
  1204 | D:1      | Reached XP level 5. HP: 31/37 MP: 3/6
  2608 | D:3      | Found a transporter.
  2634 | D:3      | Found a faded altar of an unknown god.
  2650 | D:3      | Noticed a kobold brigand
  2892 | D:3      | Found a shimmering blue altar of Sif Muna.
  2934 | D:4      | Noticed an orc warrior
  2945 | D:4      | Reached skill level 8 in Stealth
  2945 | D:4      | Reached XP level 6. HP: 35/43 MP: 8/8
  2952 | D:4      | Reached skill level 1 in Fire Magic
  3139 | D:4      | Reached skill level 1 in Short Blades
  3285 | D:3      | Paralysed by Grinder for 4 turns
  3288 | D:3      | Slain by Grinder

Illustrated notes

Levels and vault maps discovered:
D:1:      lemuel_arrival_broad_hall, layout_basic, minmay_close_crescents
D:2:      layout_basic
D:3:      layout_basic, lemuel_crystal_altar, marbit_many_paths,
          shapermc_ecumenical_altar_mp_highgroup,
          gammafunk_ghost_abyssal_escape, uniq_jessica, uniq_grinder
D:4:      layout_rooms, amcnicky_altar_gilded, cheibriados_altar_1,
          minmay_surrounded
D:5:      layout_basic, minmay_temple_entry_trees, serial_glass,
          glass_columns_b, glass_columns_a, feat_on_display,
          due_unseen_surprise, feat_on_display, uniq_prince_ribbit1, uniq_pikel,
          uniq_ijyb
Temple:   hellmonk_temple_micro_hex

Skill      XL: |  1  2  3  4  5  6 |
---------------+-------------------+-----
Stealth        | 7 8 |  8.6
Spellcasting   | 1 |  1.8
Fire Magic     | 1 |  1.2
Fighting       | 4 |  4.0
Short Blades   | 1 |  1.1
Long Blades    | 3 |  3.0
Dodging        | 3 |  3.0
Throwing       | |  0.1

Action                     |  1- 3 |  4- 6 || total
---------------------------+-------+-------++-------
  Melee: Falchion          |    12 |       ||    12
         Tentacles         |     8 |    23 ||    31
         Constrict         |     7 |    20 ||    27
         Long sword        |     3 |    29 ||    32
         Dagger            |       |    86 ||    86
         Punch             |       |     2 ||     2
  Throw: Dart              |     6 |     1 ||     7
    Use: Scroll            |     2 |       ||     2
         Potion            |     1 |       ||     1
   Stab: Sleeping          |       |    24 ||    24
         Distracted        |       |     1 ||     1
 Armour: Skin              |       |     4 ||     4
  Dodge: Dodged            |    10 |    45 ||    55
  Block: Other             |       |     4 ||     4

Table legend: (Time is in decaauts)
 A = Elapsed time spent in this place.
 B = Non-inter-level travel time spent in this place.
 C = Inter-level travel time spent in this place.
 D = Time resting spent in this place.
 E = Time spent auto-exploring this place.
 F = Levels seen in this place.
 G = Mean time per level.
                   A        B        C        D        E       F      G
               +--------+--------+--------+--------+--------+-----+--------+
         Total |   3267 |   3162 |    105 |    240 |    777 |   6 |  544.5 |
       Dungeon |   3212 |   3112 |    100 |    196 |    777 |   5 |  642.4 |
        Temple |     54 |     49 |      5 |     44 |      0 |   1 |   54.0 |
               +--------+--------+--------+--------+--------+-----+--------+

Top non-repeatable levels by time:
     D:1: 1090 daAuts
     D:3: 902 daAuts
     D:2: 567 daAuts
     D:5: 342 daAuts
     D:4: 309 daAuts
  Temple: 54 daAuts
